 Dungeon Crawl Stone Soup version 0.28-b1-25-g9875b3fc8c (webtiles) character file.

Game seed: 869703987754073528

24 MisterFreud the Cudgeller (level 2, 0/43 HPs)
             Began as a Troll Berserker on Jan 31, 2022.
             Was a Follower of Trog.
             Slain by an ogre (35 damage)
             ... on level 6 of the Dungeon.
             The game lasted 00:01:24 (1322 turns).

MisterFreud the Cudgeller (Troll Berserker)         Turns: 1322, Time: 00:01:25

Health: 0/43       AC:  4    Str: 24    XL:     2   Next: 79%
Magic:  1/1        EV: 10    Int:  3    God:    Trog [*.....]
Gold:   109        SH:  0    Dex:  9    Spells: 1/1 levels left

rFire   . . .      SeeInvis .   a - +0 mace
rCold   . . .      Faith    .   (no shield)
rNeg    . . .      Spirit   .   b - +0 animal skin
rPois   .          Reflect  .   (helmet restricted)
rElec   .          Harm     .   (no cloak)
rCorr   .          Rampage  .   (gloves unavailable)
Will    .....                   (boots unavailable)
Stlth   ..........              (no amulet)
HPRegen 0.94/turn               n - ring of flight
MPRegen 0.07/turn               (no ring)

@: berserking, flying, very quick
A: large, unfitting armour, claws 3, regeneration 1, shaggy fur 1, tough skin 1
a: Renounce Religion, Berserk


You were on level 6 of the Dungeon.
You worshipped Trog.
Trog was aware of your devotion.
You visited 1 branch of the dungeon, and saw 6 of its levels.

You collected 109 gold pieces.

Inventory:

Hand Weapons
 a - a +0 mace (weapon)
Missiles
 j - 4 large rocks (quivered)
 l - 10 poisoned darts
Armour
 b - a +0 animal skin (worn)
Jewellery
 n - a ring of flight (left claw)
Scrolls
 c - a scroll of amnesia {unknown}
 d - 4 scrolls of identify {unknown}
 e - a scroll of fear {unknown}
 i - 2 scrolls of teleportation {unknown}
 k - a scroll of holy word {unknown}
Potions
 f - a potion of curing {unknown}
 g - 3 potions of invisibility {unknown}
 h - 2 potions of haste {unknown}
 m - a potion of brilliance {unknown}
 o - a potion of attraction {unknown}


   Skills:
 - Level 2.5 Fighting
 + Level 3.5 Maces & Flails
 - Level 2.5 Dodging


You had one spell level left.
You didn't know any spells.
Your spell library was empty.

Dungeon Overview and Level Annotations

Branches:
Dungeon (7/15)
 Temple: D:4-7

Altars:
Vehumet

Annotations:
D:3 Sigmund


Innate Abilities, Weirdness & Mutations

You are too large for most types of armour.
You have claws for hands.
Your natural rate of healing is unusually fast.
You are covered in fur. (AC +1)
You have tough skin. (AC +1)


Message History

Trog accepts your kill.
The ball python bites you but does no damage.
You thump the ball python!
You kill the ball python!
Trog accepts your kill.
Things that are here:
a +0 club; a goblin corpse
n - a ring of flight You fly up into the air.
n - a ring of flight (left claw)
Found 18 arrows.
Found a stone staircase leading down.
o - an emerald potion An orc comes into view.
It is wielding a +0 trident.
The orc shouts!
There is a stone staircase leading down here.
An orc is nearby!
An orc is nearby!
A sourceless malevolence fills the Dungeon...
You are sucked into a shaft and drop 3 floors!
The shaft crumbles and collapses.
A wyvern skeleton comes into view.
Found a stone staircase leading up.
There is a stone staircase leading up here.
You fly upwards.
Found a ring mail.
There is a stone staircase leading down here.
An ogre comes into view. It is wielding a +0 giant spiked club.
Found a stone staircase leading up.
The ogre shouts!
An ogre is nearby!
A red film seems to cover your vision as you go berserk!
You feel yourself moving faster!
You feel mighty!
The ogre hits you with a +0 giant spiked club!
You completely miss the ogre. You sock the ogre!
The ogre is heavily wounded.
The ogre hits you with a +0 giant spiked club!!
Ouch! That really hurt!
You die...

### [..
#.# #.#
#.# #.#
####.#
#.@.>#
#....O###
#......
#.....##
#.....<
##.#.##
#.#. ....


You could see an ogre.

Vanquished Creatures
  A worm (D:2)
  2 ball pythons
  An endoplasm (D:3)
  A giant cockroach (D:1)
  3 goblins
  2 jackals (D:1)
  2 kobolds
  A quokka (D:2)
  A bat (D:2)
  4 frilled lizards (D:1)
  2 rats (D:1)
20 creatures vanquished.

Vanquished Creatures (others)
  A plant (D:3)
1 creature vanquished.

Grand Total: 21 creatures vanquished

Notes
Turn   | Place    | Note
-------+----------+-------------------------------------------
     0 | D:1      | MisterFreud the Troll Berserker began the quest for the
                  | Orb.
     0 | D:1      | Reached XP level 1. HP: 22/22 MP: 0/0
   159 | D:1      | Reached skill level 3 in Maces & Flails
   188 | D:1      | Reached XP level 2. HP: 29/29 MP: 1/1
   768 | D:2      | Found a radiant altar of Vehumet.
   789 | D:2      | Found a faded altar of an unknown god.
  1229 | D:3      | Noticed Sigmund
  1312 | D:4      | You are sucked into a shaft and drop 3 floors!
  1319 | D:6      | Noticed an ogre
  1322 | D:6      | Slain by an ogre

Illustrated notes

Levels and vault maps discovered:
D:1:      dpeg_arrival_arbitrary_c, layout_loops_ring
D:2:      layout_basic, basic_altar, chequers_ecumenical_altar_simple_redux
D:3:      layout_basic, nicolae_elyvilon_temple_path, uniq_sigmund,
          uniq_crazy_yiuf_cottage
D:4:      cheibrodos_barr_body, layout_basic,
          chequers_temple_overflow_statue_of_worship, uniq_pikel
D:6:      layout_loops_ring, mainiacjoe_overflow_paths,
          minmay_temple_entry_statues_pillars
D:7:      layout_loops_ring, marbit_many_paths, hangedman_abyss_or_decor_passed

Skill      XL: |  1 |
---------------+----+-----
Maces & Flails | 3 |  3.5
Fighting       | |  2.5
Dodging        | |  2.5

Action                   || total
-------------------------++-------
Melee: Mace              ||    78
Invok: Berserk           ||     2
 Stab: Sleeping          ||     1
Armor: Animal skin       ||    25
Dodge: Dodged            ||    60
